 Dungeon Crawl Stone Soup version 0.27.1-2-g3b301248ec (webtiles) character file.

Game seed: 10619563611543193433

162 babuloseo the Sneak (level 5, -5/39 HPs)
             Began as a Human Brigand on Sept 26, 2021.
             Was an Initiate of Gozag.
             Killed by divine providence
             ... invoked by an orc priest
              (14 damage)
             ... on level 3 of the Dungeon.
             The game lasted 00:03:34 (2665 turns).

babuloseo the Sneak (Human Brigand)                 Turns: 2665, Time: 00:03:35

Health: -5/39      AC:  8    Str: 12    XL:     5   Next: 71%
Magic:  5/5        EV: 10    Int: 11    God:    Gozag
Gold:   144        SH:  0    Dex: 15    Spells: 4/4 levels left

rFire    . . .     SeeInvis .   a - +2 dagger
rCold    . . .     Faith    .   (no shield)
rNeg     . . .     Spirit   .   f - +2 ring mail {rPois}
rPois    +         Reflect  .   (no helmet)
rElec    .         Harm     .   c - +0 cloak
rCorr    .         Rampage  .   (no gloves)
Will     .....                  (no boots)
Stlth    +.........             (no amulet)
HPRegen  0.13/turn              (no ring)
MPRegen  0.09/turn              (no ring)

@: confused, gold aura
A: no striking features
a: Renounce Religion, Potion Petition, Call Merchant, Bribe Branch


You were on level 3 of the Dungeon.
You worshipped Gozag.
Gozag was aware of your devotion.
You visited 1 branch of the dungeon, and saw 4 of its levels.

You collected 144 gold pieces.

Inventory:

Hand Weapons
 a - a +2 dagger (weapon)
Missiles
 d - 8 poisoned darts (quivered)
 e - 10 curare-tipped darts
Armour
 b - a +0 robe
 c - a +0 cloak (worn)
 f - a +2 ring mail of poison resistance (worn)
 n - a +0 buckler
Scrolls
 g - 2 scrolls of teleportation {unknown}
 i - a scroll of amnesia {unknown}
 k - a scroll of noise {unknown}
Potions
 h - a potion of mutation {unknown}
 j - a potion of invisibility {unknown}
 l - a potion of flight {unknown}
 m - a potion of berserk rage {unknown}


   Skills:
 + Level 2.5 Fighting
 + Level 3.1 Short Blades
 + Level 2.1 Throwing
 + Level 0.7 Armour
 + Level 1.8 Dodging
 + Level 5.5 Stealth


You had 4 spell levels left.
You didn't know any spells.
Your spell library contained the following spells:

 Spells                   Type           Power      Damage    Failure   Level
 Animate Skeleton         Necr           0%         N/A       63%         1
 Apportation              Tloc           0%         N/A       63%         1
 Corona                   Hex            0%         N/A       63%         1
 Magic Dart               Conj           0%         1d3       63%         1
 Summon Small Mammal      Summ           0%         N/A       63%         1
 Call Imp                 Summ           0%         N/A       77%         2
 Mephitic Cloud           Conj/Pois/Air  0%         N/A       94%         3


Dungeon Overview and Level Annotations

Branches:
Dungeon (4/15)
 Temple: D:4-7

Altars:
Elyvilon
Gozag


Message History

The orc wizard barely misses you. The orc hits you with a +0 dagger.
* * * LOW HITPOINT WARNING * * *
The orc wizard closely misses you.
You closely miss the orc wizard. The orc closely misses you.
The orc wizard barely misses you.
The orc priest miscasts a cantrip.
You hit the orc wizard.
The orc wizard is lightly wounded.
The orc hits you but does no damage.
The orc wizard hits you but does no damage.
The orc priest calls upon Beogh to heal the orc wizard.
The orc wizard's wounds heal themselves!
You closely miss the orc wizard. The orc hits you but does no damage.
The orc wizard hits you but does no damage.
You hit the orc wizard but do no damage.
The orc barely misses you.
The orc wizard is distracted by your dazzling golden aura.
You closely miss the orc wizard.
The orc wizard is no longer distracted by gold.
The orc priest hits you but does no damage.
The orc barely misses you. The orc wizard barely misses you.
You hit the orc wizard but do no damage.
The orc priest looks encouraged for a moment.
The orc closely misses you. The orc wizard closely misses you.
You barely miss the orc wizard. The orc priest barely misses you.
You closely miss the orc wizard. The orc hits you with a +0 dagger.
* * * LOW HITPOINT WARNING * * *
The orc wizard casts a spell at you.
You are confused.
The orc priest hits you but does no damage.
Unknown command.
You hit the orc wizard.
The orc wizard is lightly wounded.
The orc hits you but does no damage.
The orc wizard hits you but does no damage.
The orc priest calls down the wrath of Beogh upon you.
Beogh smites you!
You die...
Your body crumbles into a pile of gold.

....................##
...........######.....
..................g...
........#..##........
..##..)###.>.....#
#############....#
...## #.........######
##..##
#.......o......# ##..#
#......$o@####.#
####.#
#....$..o.####.#
..##.#
#..........>.#.#
#.##.#
############$$.#
#.##.# ##### #....#
######


You could see an orc priest, an orc wizard and an orc.

Vanquished Creatures
  Terence (D:2)
  5 adders
  3 worms (D:2)
  3 dart slugs (D:1)
  2 orcs (D:3)
  8 bats
  7 endoplasms
  7 giant cockroaches
  6 goblins
  2 hobgoblins
  8 jackals
  A quokka (D:2)
  2 ball pythons
  A frilled lizard (D:2)
  8 kobolds
  7 rats
71 creatures vanquished.

Vanquished Creatures (collateral kills)
  A rat (D:2)
1 creature vanquished.

Vanquished Creatures (others)
  A quokka (D:3)
1 creature vanquished.

Grand Total: 73 creatures vanquished

Notes
Turn   | Place    | Note
-------+----------+-------------------------------------------
     0 | D:1      | babuloseo the Human Brigand began the quest for the Orb.
     0 | D:1      | Reached XP level 1. HP: 16/16 MP: 1/1
    61 | D:1      | Reached XP level 2. HP: 22/22 MP: 2/2
   330 | D:1      | Reached XP level 3. HP: 25/27 MP: 3/3
   885 | D:1      | Reached skill level 5 in Stealth
  1129 | D:2      | Reached XP level 4. HP: 32/33 MP: 4/4
  1247 | D:2      | Noticed Terence
  1251 | D:2      | Killed Terence
  1599 | D:2      | Reached XP level 5. HP: 39/39 MP: 5/5
  1651 | D:2      | Found a faded altar of an unknown god.
  2130 | D:2      | Became a worshipper of Gozag Ym Sagoz the Greedy
  2155 | D:3      | Found a white marble altar of Elyvilon.
  2665 | D:3      | Killed from afar by an orc priest

Illustrated notes

Levels and vault maps discovered:
D:1:      giann_bridges, layout_loops_ring, fountainhead
D:2:      layout_loops_ring, basic_ecumenical_altar, minmay_split_cup_large,
          uniq_terence
D:3:      layout_rooms, elyvilon_altar_4, lightli_sewer_entry_pipes,
          uniq_sigmund
D:4:      layout_basic, minmay_temple_entry_glass, serial_park_tiny_pond,
          kennysheep_generic_room_5, uniq_pikel

Skill      XL: |  1  2  3  4  5 |
---------------+----------------+-----
Stealth        | 5 |  5.5
Short Blades   | 3 |  3.1
Fighting       | |  2.5
Throwing       | |  2.1
Armour         | |  0.7
Dodging        | |  1.8

Action                   |  1- 3 |  4- 6 || total
-------------------------+-------+-------++-------
Melee: Dagger            |   106 |   144 ||   250
  Use: Potion            |       |     1 ||     1
       Scroll            |       |     2 ||     2
 Stab: Sleeping          |     8 |     9 ||    17
Armor: Robe              |    19 |     4 ||    23
       Ring mail         |       |   101 ||   101
Dodge: Dodged            |    63 |   115 ||   178
